 Dungeon Crawl Stone Soup version 0.28.0 (webtiles) character file.

Game seed: 4899329046291782193

12007 Ijustatesigmund the Fighter (level 11, -8/74 HPs)
             Began as a Gargoyle Fighter on Feb 10, 2022.
             Was a Believer of Cheibriados.
             Mangled by an enormous slime creature (69 damage)
             ... on level 10 of the Dungeon.
             The game lasted 00:18:18 (12803 turns).

Ijustatesigmund the Fighter (Gargoyle Fighter)     Turns: 12803, Time: 00:18:19

Health: -8/74      AC: 33    Str: 28    XL:     11   Next: 86%
Magic:  15/15      EV: 14    Int: 17    God:    Cheibriados [**....]
Gold:   467        SH: 12    Dex: 21    Spells: 10/10 levels left

rFire   . . .      SeeInvis +   a - +2 flail (protect)
rCold   . . .      Faith    .   c - +0 buckler
rNeg    + . .      Spirit   .   b - +0 plate armour
rPois   ∞          Reflect  +   C - +0 hat {SInv}
rElec   +          Harm     .   t - +1 cloak
rCorr   .          Rampage  .   (no gloves)
Will    .....                   A - +1 pair of boots
Stlth   ..........              s - amulet of reflection
HPRegen 0.22/turn               y - +6 ring of dexterity
MPRegen 0.14/turn               r - +4 ring of evasion

@: under a protective aura, very slow
A: sickness immunity, AC +8, negative energy resistance 1, electricity
resistance, torment resistance 1, petrification resistance
a: Renounce Religion, Bend Time


You were on level 10 of the Dungeon.
You worshipped Cheibriados.
Cheibriados was pleased with you.
You visited 2 branches of the dungeon, and saw 11 of its levels.
You also visited: Ossuary.

You collected 467 gold pieces.

Inventory:

Hand Weapons
 a - a +2 flail of protection (weapon)
 d - a +3 vorpal flail
Missiles
 h - 3 throwing nets
 z - 3 silver boomerangs
 G - 4 javelins (quivered)
Armour
 b - a +0 plate armour (worn)
 c - a +0 buckler (worn)
 t - a +1 cloak (worn)
 A - a +1 pair of boots (worn)
 C - a +0 hat of see invisible (worn)
Jewellery
 g - a ring of positive energy
 l - a ring of see invisible
 q - a ring of wizardry
 r - a +4 ring of evasion (right hand)
 s - an amulet of reflection (around neck)
 y - a +6 ring of dexterity (left hand)
Wands
 n - a wand of polymorph (8)
 B - a wand of flame (21)
 D - a wand of iceblast (13)
Scrolls
 f - 4 scrolls of identify
 j - a scroll of immolation
 k - 2 scrolls of amnesia
 p - 2 scrolls of teleportation
 u - a scroll of blinking
Potions
 e - 4 potions of mutation
 i - 2 potions of attraction
 m - a potion of magic
 o - 4 potions of curing
 v - a potion of might
 w - 2 potions of heal wounds
 x - a potion of ambrosia
 F - a potion of brilliance


   Skills:
 + Level 11.3 Fighting
 + Level 10.8 Maces & Flails
 - Level 8.7 Armour
 + Level 4.2 Dodging
 + Level 6.8 Shields
 + Level 5.6 Invocations


You had 10 spell levels left.
You didn't know any spells.
Your spell library contained the following spells:

 Spells                   Type           Power      Damage    Failure   Level
 Blink                    Tloc           0%         N/A       99%         2
 Corpse Rot               Necr/Air       0%         N/A       99%         2
 Poisonous Vapours        Pois/Air       0%         N/A       99%         2
 Frozen Ramparts          Ice            0%         1d2       100%        3
 Gell's Gravitas          Tloc           0%         N/A       100%        3
 Lesser Beckoning         Tloc           0%         N/A       100%        3
 Teleport Other           Tloc           0%         N/A       100%        3
 Ice Form                 Ice/Tmut       0%         N/A       100%        4
 Summon Ice Beast         Ice/Summ       0%         N/A       100%        4
 Manifold Assault         Tloc           0%         N/A       100%        5
 Dispersal                Tloc           0%         N/A       100%        6


Dungeon Overview and Level Annotations

Branches:
Dungeon (10/15)            Temple (1/1) D:6            Lair (0/6) D:9
Ossuary (visited)
    Orc: D:9-12

Altars:
Ashenzari
Cheibriados
Dithmenos
Elyvilon
Fedhas
Gozag
Hepliaklqana
Kikubaaqudgha
Makhleb
Nemelex Xobeh
Okawaru
Qazlal
Ru
Sif Muna
Trog
Uskayaw
Vehumet
Wu Jian
Xom
Yredelemnul
Zin
The Shining One

Shops:
D:7 =


Innate Abilities, Weirdness & Mutations

You are immune to sickness and miasma.
Your stone body is resilient. (AC +8)
You are immune to poison.
You resist negative energy. (rN+)
You are resistant to electric shocks. (rElec)
You are resistant to unholy torment.
You are immune to petrification.


Message History

The slime creature is moderately wounded.
Two slime creatures merge to form a large slime creature.
You bludgeon the large slime creature!!
The large slime creature is moderately wounded.
You hit the large slime creature.
The large slime creature is moderately wounded.
The slime creature quivers.
You thump the large slime creature!
The large slime creature is heavily wounded.
You block the large slime creature's attack.
You sock the large slime creature!
The large slime creature is heavily wounded.
You block the large slime creature's attack.
You sock the large slime creature!
The large slime creature is severely wounded.
The large slime creature hits you!
You sock the large slime creature!
The large slime creature is severely wounded.
The large slime creature closely misses you.
Two slime creatures merge to form a very large slime creature.
You sock the very large slime creature!
The very large slime creature is heavily wounded.
You hit the very large slime creature.
The very large slime creature is heavily wounded.
Two slime creatures merge to form an enormous slime creature.
You hit the enormous slime creature.
The enormous slime creature is heavily wounded.
You barely miss the enormous slime creature.
The enormous slime creature is heavily wounded.
The slime creature quivers.
You sock the enormous slime creature!
The enormous slime creature is heavily wounded.
You bludgeon the enormous slime creature!!
The enormous slime creature is heavily wounded.
The enormous slime creature closely misses you.
You hit the enormous slime creature.
The enormous slime creature is heavily wounded.
The enormous slime creature hits you!!!
Ouch! That really hurt!
You die...

#.........................
#..#............##........
#..#...#..###...##........
#..#......................
#........#######'###########
#....#####.........##.......
#.##.#..##.........##...J...
#.##.#..#########'####(#####
#....#..#..@JJ.J............
#..(.#..#..#################
#.#..#..#..# # #.#..#..#..#
#
#.#..#..#..#################
#....#..#..>...............>
#....#..###############....#
#....#...# #....# #....#...#
#....#


You could see an enormous slime creature and 2 slime creatures.

Vanquished Creatures
  Gastronok (D:10)
  Harold (D:9)
  Erica (D:10)
  A two-headed ogre (D:7)
  A death yak (D:8)
  The ghost of coldbreeze the Basher, a novice OpGl of Ashenzari (D:8)
  An elephant (D:9)
  A rime drake (D:5)
  A shadow (D:10)
  3 spriggans
  A wyvern (D:6)
  2 wraiths
  8 yaks
  Eustachio (D:5)
  A basilisk (D:9)
  2 steam dragons
  Menkaure (D:4)
  2 water moccasins (D:5)
  Duvessa (D:6)
  2 acid dragons
  3 orc warriors (D:9)
  4 black bears
  A sky beast (D:8)
  A necrophage (D:5)
  5 centaurs
  A kobold brigand (D:8)
  2 bullfrogs
  A wyvern zombie (D:6)
  3 scorpions
  Dowan (D:5)
  4 wights (D:7)
  14 killer bees
  2 howler monkeys (D:9)
  A bullfrog zombie (D:6)
  3 hounds (D:6)
  3 jellies
  7 orc priests
  A centaur skeleton (D:6)
  5 centaur zombies
  5 iguanas
  5 orc wizards
  2 killer bee zombies (D:6)
  A hound skeleton (D:4)
  A mummy (Ossuary)
  A howler monkey zombie (D:8)
  4 gnolls (D:5)
  4 adders
  A shadow imp (D:6)
  A white imp (D:7)
  An adder skeleton (D:4)
  3 worms
  4 dart slugs
  31 orcs
  11 endoplasms
  A giant cockroach (D:2)
  8 goblins
  6 hobgoblins
  2 jackals (D:3)
  8 kobolds
  2 quokkas
  6 ball pythons
  3 bats
  A frilled lizard (D:1)
  3 gnoll skeletons (Ossuary)
  6 kobold skeletons (Ossuary)
  16 orc skeletons (Ossuary)
  6 rats
238 creatures vanquished.

Vanquished Creatures (others)
  An orc wizard (D:6)
  7 fungi
  6 plants (D:9)
14 creatures vanquished.

Grand Total: 252 creatures vanquished

Notes
Turn   | Place    | Note
-------+----------+-------------------------------------------
     0 | D:1      | Ijustatesigmund the Gargoyle Fighter began the quest for
                  | the Orb.
     0 | D:1      | Reached XP level 1. HP: 14/14 MP: 1/1
   300 | D:1      | Reached XP level 2. HP: 11/19 MP: 2/2
   732 | D:2      | Reached XP level 3. HP: 15/24 MP: 3/3
  1163 | D:2      | Reached skill level 4 in Fighting
  1185 | D:2      | Reached XP level 4. HP: 14/29 MP: 4/4
  1632 | D:3      | Found a hide-covered altar of Uskayaw.
  1943 | D:3      | Found a glowing golden altar of the Shining One.
  2182 | D:4      | Noticed a scorpion
  2185 | D:4      | Noticed Menkaure
  2190 | D:4      | Killed a scorpion
  2191 | D:4      | Reached XP level 5. HP: 16/34 MP: 5/5
  2194 | D:4      | Killed Menkaure
  2195 | D:4      | Reached skill level 5 in Maces & Flails
  2195 | D:4      | Reached XP level 6. HP: 16/40 MP: 6/6
  2632 | D:4      | Reached skill level 5 in Fighting
  2755 | D:4      | Noticed a black bear
  2768 | D:4      | Killed a black bear
  3214 | D:4      | Found an iron altar of Okawaru.
  3855 | D:5      | Entered Level 5 of the Dungeon
  3865 | D:5      | Noticed a necrophage
  3870 | D:5      | Killed a necrophage
  3871 | D:5      | Reached XP level 7. HP: 35/45 MP: 7/7
  3982 | D:5      | Reached skill level 6 in Fighting
  4139 | D:5      | Noticed Dowan
  4141 | D:5      | Noticed Duvessa
  4153 | D:5      | Killed Dowan
  4164 | D:5      | Noticed Eustachio
  4525 | D:6      | Found a staircase to the Ecumenical Temple.
  4633 | D:6      | Noticed a wyvern
  4641 | D:6      | Killed a wyvern
  4642 | D:6      | Reached skill level 5 in Armour
  4642 | D:6      | Reached XP level 8. HP: 25/52 MP: 8/8
  4971 | D:6      | Reached skill level 7 in Fighting
  5984 | D:6      | Killed Duvessa
  5985 | D:6      | Reached XP level 9. HP: 43/59 MP: 9/9
  6194 | D:5      | Killed Eustachio
  6195 | D:5      | Reached skill level 8 in Fighting
  6370 | D:5      | Noticed a rime drake
  6370 | D:5      | an ogre changed into a rime drake
  6376 | D:5      | Killed a rime drake
  6720 | D:5      | Found an opulent altar of Gozag.
  6720 | D:5      | Found a glowing silver altar of Zin.
  7227 | D:7      | Noticed a two-headed ogre
  7243 | D:7      | Killed a two-headed ogre
  7244 | D:7      | Reached skill level 9 in Fighting
  7244 | D:7      | Reached XP level 10. HP: 32/66 MP: 10/10
  7456 | D:7      | Found a sand-covered staircase.
  7463 | Ossuary  | Entered an ossuary
  7755 | D:7      | Found Jouceitu's Jewellery Emporium.
  8187 | D:7      | Found an ornate altar of the Wu Jian Council.
  8444 | Temple   | Entered the Ecumenical Temple
  8623 | Temple   | Became a worshipper of Cheibriados the Contemplative
  8687 | D:8      | Reached skill level 1 in Invocations
  8708 | D:8      | Reached skill level 1 in Dodging
  9079 | D:8      | Reached skill level 10 in Fighting
  9132 | D:8      | Reached * piety under Cheibriados
  9878 | D:9      | Noticed coldbreeze's ghost (novice OpGl)
  9878 | D:9      | Identified the +3 spear "Gimeaxung" {antimagic, rPois rC++
                  | Will+ Int-4}
  9878 | D:9      | Found a runed translucent door.
  9920 | D:9      | Noticed Harold
  9954 | D:9      | Killed Harold
  9965 | D:9      | Identified the +2 spear of the Rat {venom, rCorr}
 10587 | D:9      | Found a staircase to the Lair.
 10587 | D:9      | Noticed an elephant
 10587 | D:9      | Noticed a death yak
 10591 | D:9      | Reached skill level 10 in Maces & Flails
 10591 | D:9      | Reached skill level 5 in Shields
 10646 | D:9      | Reached ** piety under Cheibriados
 10726 | D:9      | Reached XP level 11. HP: 58/73 MP: 13/13
 10822 | D:8      | Killed a death yak
 11806 | D:8      | Killed coldbreeze's ghost
 12170 | D:10     | Entered Level 10 of the Dungeon
 12207 | D:10     | Reached skill level 11 in Fighting
 12207 | D:10     | Reached skill level 5 in Invocations
 12320 | D:10     | Noticed Gastronok
 12355 | D:10     | Killed Gastronok
 12524 | D:10     | Noticed Erica
 12542 | D:10     | Killed Erica
 12803 | D:10     | Mangled by an enormous slime creature

Illustrated notes

Levels and vault maps discovered:
D:1:      ncdulo_lavacross, layout_basic
D:2:      layout_basic, grunt_ministairs_10, minmay_fountain_box,
          kennysheep_generic_room_8
D:3:      layout_basic, nicolae_uskayaw_murder_on_the_dancefloor, tso_altar
D:4:      black_bear_nest_2, layout_gridville, okawaru_gym_becter,
          nicolae_elevator_lobby_asterisk, uniq_menkaure
D:5:      layout_rooms, grunt_temple_overflow_gold_and_silver,
          water_boxes_lemuel, uniq_duvessa, uniq_eustachio
D:6:      layout_loops_cross, temple_statues, minmay_misc_feat_encased
D:7:      layout_basic, nicolae_wu_jian_immortal_techniques,
          nicolae_ossuary_entry_plus, serial_shops, nicolae_shop_stone,
          minivault_5
D:8:      layout_loops_corners, minmay_holes
D:9:      layout_basic, david_lair_generic, ebering_ghost_funeral_grove,
          uniq_harold
D:10:     layout_stronghold, uniq_erica, uniq_gastronok
Temple:   eino_temple_scatter_basement

Skill      XL: |  1  2  3  4  5  6  7  8  9 10 11 |
---------------+----------------------------------+-----
Maces & Flails | 3 4 5 6 7 9 10 | 10.8
Fighting       | 4 5 6 7 9 10 11 | 11.3
Armour         | 5 6 8 |  8.7
Invocations    | 3 5 |  5.6
Dodging        | 2 4 |  4.2
Shields        | 5 6 |  6.8

Action                   |  1- 3 |  4- 6 |  7- 9 | 10-12 || total
-------------------------+-------+-------+-------+-------++-------
Melee: Flail             |   123 |   139 |   308 |   574 ||  1144
Throw: Javelin           |       |       |       |     3 ||     3
Invok: Bend Time         |       |       |       |     1 ||     1
Evoke: Wand              |       |       |     1 |     3 ||     4
  Use: Scroll            |       |    10 |     3 |    12 ||    25
       Potion            |       |     1 |     4 |     6 ||    11
 Stab: Distracted        |       |       |     1 |       ||     1
Armor: Scale mail        |    76 |    88 |    64 |       ||   228
       Plate armour      |       |       |   108 |   345 ||   453
Dodge: Dodged            |    65 |    60 |   192 |   251 ||   568
Block: Buckler           |    28 |    34 |    64 |   301 ||   427
       Reflection        |       |       |       |     4 ||     4
